Map: Cradle of Death

Players

Takker

  • Race: Protoss Protoss
  • Spawn Location: 0:00

смиттсмт

  • Race: Protoss Protoss
  • Spawn Location: 0:00

VOD

Have the link to the VOD?

Description

Time

  • Played on: May 17, 2019, 1:26 p.m.
  • Length: 24:03
Show
View Real Time Build Order
Export as new Build Order

Takker Protoss 

Build Orders:  

Get SALT Encoding   

  12  0:03  Probe (Chrono Boost)  
  13  0:17  Probe (Chrono Boost)  
  14  0:23  Unknown  
  14  0:31  Probe (Chrono Boost)  
  15  0:45  Probe (Chrono Boost)  
  16  0:59  Probe (Chrono Boost)  
  17  1:12  Probe (Chrono Boost)  
  18  1:26  Probe (Chrono Boost)  
  19  1:41  Probe (Chrono Boost)  
  19  1:42  Xel'Naga Passageway  
  19  1:44  Xel'Naga Passageway  
  19  1:47  Xel'Naga Passageway  
  20  1:57  Probe (Chrono Boost)  
  21  2:19  Probe (Chrono Boost)  
  22  3:05  Xel'Naga Ambusher x3  
  28  3:24  Core Forge  
  28  3:46  Xel'Naga Ambusher  
  28  3:49  Probe (Chrono Boost)  
  31  5:23  Xel'Naga Ambusher  
  31  5:24  Xel'Naga Shieldguard, Xel'Naga Ambusher  
  37  6:01  Xel'Naga Shieldguard  
  37  6:05  Xel'Naga Shieldguard  
  37  6:06  Xel'Naga Ambusher  
  43  6:35  Unknown  
  43  6:41  Xel'Naga Ambusher  
  43  6:42  Xel'Naga Ambusher  
  43  6:48  Xel'Naga Shieldguard  
  49  7:05  Constructs Facility  
  49  7:10  Void Shrine  
  49  7:20  Probe (Chrono Boost)  
  49  7:21  Tesseract Cannon  
  49  7:22  Xel'Naga Shieldguard  
  52  8:04  Ancient Nexus  
  52  8:26  Ancient Nexus  
  52  9:28  Probe (Chrono Boost)  
  53  9:35  Void Templar, Xel'Naga Shieldguard x2  
  59  9:42  Probe (Chrono Boost)  
  60  9:55  Probe (Chrono Boost)  
  61  10:09  Probe (Chrono Boost)  
  61  10:12  Xel'Naga Shieldguard  
  64  10:23  Probe (Chrono Boost)  
  65  10:44  Telbrus Legion  
  69  11:20  Void Templar x2  
  65  11:23  Probe (Chrono Boost)  
  68  13:21  Unknown  
  68  13:35  Xel'Naga Ambusher x3  
  74  13:48  Probe (Chrono Boost)  
  75  14:02  Probe (Chrono Boost)  
  76  14:16  Probe (Chrono Boost)  
  76  14:17  Xel'Naga Ambusher x3  
  83  14:30  Probe (Chrono Boost)  
  84  14:43  Probe (Chrono Boost)  
  85  14:59  Xel'Naga Ambusher  
  87  15:37  Void Templar  
  87  15:38  Void Templar  
  91  15:41  Xel'Naga Ambusher  
  93  16:19  Xel'Naga Ambusher  
  89  17:02  Telbrus Legion  
  87  17:35  Xel'Naga Ambusher x2  
  87  17:36  Xel'Naga Shieldguard  
  87  18:13  Xel'Naga Shieldguard  
  87  18:17  Void Templar x2  
  93  18:33  Xel'Naga Enforcer  
  93  18:34  Xel'Naga Passageway  
  93  18:35  Xel'Naga Passageway  
  93  18:38  Xel'Naga Passageway  
  97  18:50  Void Templar  
  97  19:32  Xel'Naga Ambusher  
  97  21:01  Unknown  
Show
View Real Time Build Order
Export as new Build Order

смиттсмт Protoss 

Build Orders:  

Get SALT Encoding   

  12  0:21  Unknown  
  12  0:49  Probe (Chrono Boost)  
  13  1:03  Probe (Chrono Boost)  
  14  1:17  Probe (Chrono Boost)  
  15  1:22  Assimilator  
  15  1:28  Assimilator  
  15  1:34  Pylon  
  15  1:36  Pylon  
  15  1:59  Probe (Chrono Boost)  
  16  2:13  Probe (Chrono Boost)  
  17  2:27  Probe (Chrono Boost)  
  18  2:40  Probe (Chrono Boost)  
  18  2:42  Pylon  
  18  2:46  Pylon  
  19  2:51  Pylon  
  19  2:54  Probe (Chrono Boost)  
  19  2:56  Pylon  
  20  3:00  Pylon  
  20  3:08  Probe (Chrono Boost)  
  21  3:22  Probe (Chrono Boost)  
  22  3:34  Gateway  
  22  3:36  Probe (Chrono Boost)  
  22  3:38  Forge  
  23  3:50  Probe (Chrono Boost)  
  24  4:04  Probe (Chrono Boost)  
  25  4:18  Probe (Chrono Boost)  
  26  4:31  Probe (Chrono Boost)  
  27  6:02  Protoss Ground Weapons Level 1, Protoss Air Weapons Level 1  
  27  6:13  Supplicant x2  
  31  6:38  Unknown  
  31  6:41  Supplicant x2  
  35  7:09  Supplicant x2  
  39  7:10  Cybernetics Core  
  39  7:37  Supplicant x2  
  43  7:49  Photon Cannon x2  
  43  7:52  Photon Cannon  
  43  7:59  Photon Cannon  
  43  8:01  Photon Cannon  
  43  8:04  Photon Cannon  
  43  8:05  Supplicant x2  
  43  8:06  Photon Cannon  
  47  8:38  Slayer  
  49  8:40  Pylon  
  49  8:42  Protoss Ground Armor Level 1, Protoss Air Armor Level 1  
  51  9:20  Slayer  
  51  9:41  Photon Cannon  
  51  9:43  Photon Cannon  
  51  9:47  Pylon  
  51  9:52  Pylon  
  51  9:57  Pylon  
  53  10:01  Death Council  
  53  10:02  Slayer  
  53  10:06  Robotics Facility  
  55  10:44  Slayer  
  55  11:22  Protoss Shields Level 1  
  55  11:26  Slayer  
  57  12:08  Slayer  
  59  12:10  Warp Prism  
  63  12:50  Slayer  
  63  13:00  Warp Prism  
  65  13:14  Robotics Bay  
  65  13:18  Unknown  
  65  13:27  Havoc  
  66  14:02  Photon Cannon, Protoss Ground Weapons Level 2, Protoss Air Weapons Level 2  
  66  14:04  Photon Cannon, Havoc  
  66  14:08  Photon Cannon  
  66  14:09  Photon Cannon  
  67  14:12  Photon Cannon  
  67  14:14  Photon Cannon  
  67  14:15  Blood Shields  
  67  14:23  Warp Gate  
  67  14:40  Havoc  
  67  14:43  Gateway  
  67  14:46  Gateway  
  67  14:48  Gateway  
  68  14:50  Gateway  
  68  14:52  Gateway  
  68  14:54  Gateway  
  68  15:15  Phase Blink  
  68  15:17  Supplicant x2  
  72  15:23  Cloaking Module  
  76  16:50  Supplicant x2  
  76  16:53  Supplicant x2  
  76  16:54  Supplicant x2  
  76  16:59  Havoc  
  89  17:04  Supplicant x2  
  93  17:11  Protoss Ground Armor Level 2, Protoss Air Armor Level 2  
  93  17:14  Slayer  
  95  17:21  Slayer  
  95  17:23  Slayer  
  95  17:27  Slayer  
  101  17:54  Warp Prism  
  101  19:25  Warp Prism  
  101  19:35  Warp Prism  
  101  20:21  Protoss Shields Level 2  
  101  20:58  Unknown  
Tags
 
Add a new tag
Caveats
  • Supply blocks, unpowered buildings, or Contaminate may cause inaccurate times.
  • Supply counts are checked every 10 seconds.